 Dungeon Crawl Stone Soup version 0.26-a0-800-g517d6fe721 (webtiles) character file.

Game seed: 6815261061641550088

42758 Kinoniko the Bludgeoner (level 13, -13/128 HPs)
             Began as a Deep Dwarf Berserker on Nov 11, 2020.
             Was an Elder of Trog.
             Succumbed to a green draconian's poison gas
             ... on level 1 of the Abyss.
             The game lasted 00:30:24 (15697 turns).

Kinoniko the Bludgeoner (Deep Dwarf Berserker)     Turns: 15697, Time: 00:30:25

Health: -13/128    AC: 25    Str: 28    XL:     13   Next: 87%
Magic:  11/11      EV: 12    Int:  9    God:    Trog [****..]
Gold:   920        SH:  5    Dex: 15    Spells: 12/12 levels left

rFire    . . .     SeeInvis .   R - +2 great mace (vorpal)
rCold    . . .     Faith    .   (shield currently unavailable)
rNeg     . . .     Spirit   .   q - +6 shadow dragon scales
rPois    .         Reflect  +   (no helmet)
rElec    .         Harm     .   (no cloak)
rCorr    .         Rampage  .   u - +0 pair of gloves
MR       ++...                  (no boots)
Stlth    ++........             E - amulet of reflection
HPRegen  0.00/turn              T - ring of protection from magic
MPRegen  0.12/turn              C - +4 ring of protection

@: lethally poisoned (-13 -> -152), berserk cooldown, non-regenerating, slowed,
very slow
A: damage resistance, heal wounds, thin metallic scales 1, agile 1, sense
surroundings 2, strong 2, no regeneration
a: Heal Wounds, Berserk, Trog's Hand, Brothers in Arms, Renounce Religion


You were on level 1 of the Abyss.
You worshipped Trog.
Trog was greatly pleased with you.
You visited 2 branches of the dungeon, and saw 15 of its levels.
You visited the Abyss 2 times.
You also visited: Ossuary and Ice Cave.

You collected 920 gold pieces.

Inventory:

Hand Weapons
 a - a +0 hand axe
 k - a +0 war axe
 x - a +0 battleaxe
 A - a +7 vorpal dire flail
 Q - a +3 great mace
 R - a +2 vorpal great mace (weapon)
 W - the +11 arbalest of Iconoclasm {freeze, rC+ MR+ Int+3 Stlth-}
   (You found it in an ice cave)

   It causes projectiles fired from it to freeze those they strike, causing
   extra injury to most foes and up to half again as much damage against
   particularly susceptible opponents.
   They can also slow down cold-blooded creatures.
   It affects your intelligence (+3).
   It protects you from cold.
   It affects your resistance to hostile enchantments.
   It makes you less stealthy.
Armour
 b - a +0 animal skin
 m - a +0 kite shield
 n - a +0 ring mail
 q - +6 shadow dragon scales (worn)
 s - a +0 buckler
 u - a +0 pair of gloves (worn)
Jewellery
 r - an uncursed amulet of the acrobat
 C - a +4 ring of protection (right hand)
 E - an amulet of reflection (around neck)
 G - an uncursed ring of wizardry
 H - an uncursed ring of ice
 M - an uncursed ring of positive energy
 T - a ring of protection from magic (left hand)
Wands
 f - a wand of disintegration (15)
 i - a wand of enslavement (10)
 y - a wand of random effects (66)
 z - a wand of iceblast (10)
 B - a wand of paralysis (15)
 D - a wand of flame (39)
 O - a wand of polymorph (8)
Scrolls
 c - 6 scrolls of fog
 g - 5 scrolls of teleportation
 h - 5 scrolls of magic mapping
 j - 11 scrolls of remove curse
 K - a scroll of fear
 L - 2 scrolls of immolation
 N - 3 scrolls of identify
 P - a scroll of blinking
 S - a scroll of silence
Potions
 d - 9 potions of curing
 e - 3 potions of ambrosia
 l - a potion of invisibility
 o - a potion of might
 p - a potion of resistance
 t - 2 potions of cancellation
 v - 5 potions of haste
 w - 3 potions of brilliance
 F - a potion of flight
 I - 5 potions of heal wounds
 J - a potion of magic
 U - 2 potions of lignification


   Skills:
 + Level 11.7 Fighting
 - Level 9.7(14.8) Axes
 * Level 16.5(17.2) Maces & Flails
 + Level 5.5 Armour
 + Level 5.5 Dodging
 + Level 4.8 Shields


You had 12 spell levels left.
You didn't know any spells.
Your spell library contained the following spells:

 Spells                   Type           Power        Failure   Level
 Sandblast                Erth           #.....       91%         1
 Passwall                 Tmut/Erth      #.......     97%         2
 Stone Arrow              Conj/Erth      #.....       99%         3
 Petrify                  Tmut/Erth      #.......     100%        4
 Lee's Rapid Deconstruct  Erth           #.........   100%        5


Dungeon Overview and Level Annotations

Branches:
Dungeon (14/15)            Temple (0/1) D:4            Lair (1/6) D:11
    Orc (0/2) D:9          Vaults (0/5) D:13        Ossuary (visited)
  IceCv (visited)

Altars:
Ashenzari
Cheibriados
Elyvilon
Fedhas
Hepliaklqana
Makhleb
Nemelex Xobeh
Ru
Trog
Uskayaw
Xom
Yredelemnul

Shops:
D:10 (   D:12 =

Annotations:
D:5 2 transporters
Lair:1 Sonja


Innate Abilities, Weirdness & Mutations

You are resistant to damage.
You can heal yourself by infusing magical energy.
You passively map the area around you.
You do not regenerate.
You are partially covered in thin metallic scales. (AC +2)
You are agile. (Dex +2)
Your muscles are very strong. (Str +4)


Message History

You are more poisoned.
* * * LOW HITPOINT WARNING * * *
x2 You feel extremely sick.
The green draconian hits you but does no damage.
The green draconian tail-slaps you but does no damage.
You closely miss the green draconian.
The green draconian is severely wounded.
You are engulfed in poison gas.
You are more poisoned.
* * * LOW HITPOINT WARNING * * *
x2 You feel extremely sick.
The green draconian breathes poison at you.
The blast of poison engulfs you but does no damage.
You are more poisoned.
You sock the green draconian!
The green draconian is almost dead.
You are engulfed in poison gas.
You are more poisoned.
* * * LOW HITPOINT WARNING * * *
You die...

.#.#.##.#.. #.
##......#..##..
......#...#...
. #............
#.#..........
.....○☼....#
#..○d°..#
#..☼@○°.#
#.###..☼.#
###.°#.#.#
#........#
#........##
#..........
#........##.
.........# ##..
.....#


You could see a green draconian (catching breath).

Vanquished Creatures
  An ettin (shapeshifter) (D:12)
  Erolcha (D:9)
  Fannar (D:10)
  3 vault guards (D:13)
  A boulder beetle (D:14)
  Harold (D:8)
  A hydra (D:13)
  2 centaur warriors (D:14)
  2 tengu warriors (D:14)
  2 two-headed ogres (D:11)
  4 skeletal warriors (D:14)
  A wizard (D:13)
  Pikel (D:5)
  2 necromancers
  5 ugly things
  2 manticores
  A cyclops (D:14)
  Maurice (D:9)
  5 ice statues (IceCv)
  2 centaur zombies
  A gargoyle (D:12)
  A rime drake (Lair:1)
  Maggie (D:9)
  A cane toad (Lair:1)
  2 komodo dragons (Lair:1)
  A yaktaur (D:13)
  7 ice devils (IceCv)
  6 trolls
  Grinder (D:5)
  2 hornets (D:12)
  Prince Ribbit (D:5)
  4 raiju (Abyss:1)
  A basilisk (D:13)
  2 wraiths
  Sigmund (D:5)
  18 humans (D:13)
  10 yaks
  Eustachio (D:3)
  Grum (D:10)
  12 vampire mosquitoes
  2 soldier ants (D:11)
  Menkaure (D:4)
  4 water moccasins
  2 swamp worms (D:11)
  Edmund (D:4)
  2 acid dragons (D:12)
  6 orc warriors
  A swamp drake (D:9)
  2 ice beasts
  5 sky beasts
  2 hornet zombies
  2 black bears
  4 ogres
  2 phantoms
  An eye of draining (D:12)
  2 necrophages
  9 centaurs
  3 wolves (D:10)
  A big kobold (D:13)
  14 bullfrogs
  Blork the orc (D:5)
  A wyvern zombie (D:12)
  4 water moccasin zombies (Ossuary)
  2 wyvern skeletons
  3 killer bees (D:13)
  8 scorpions
  25 wights
  4 electric eels (D:7)
  5 howler monkeys
  A bullfrog zombie (D:8)
  A jelly (D:5)
  7 hounds
  A quasit (D:10)
  5 draconian simulacra (IceCv)
  17 orc wizards
  A gnoll shaman (D:4)
  3 orc priests
  4 centaur skeletons
  Jessica (D:6)
  5 iguanas
  A spriggan simulacrum (IceCv)
  14 worker ants
  Terence (D:2)
  2 polar bear simulacra (D:10)
  2 yak simulacra (D:10)
  A wolf simulacrum (D:10)
  2 big kobold zombies (Ossuary)
  2 centaur simulacra (IceCv)
  A hound skeleton (D:7)
  2 mummies (Ossuary)
  3 worker ant zombies
  8 gnolls
  14 adders
  A naga simulacrum (IceCv)
  An ogre simulacrum (IceCv)
  4 white imps
  3 ufetubi
  3 oozes
  7 adder zombies
  4 adder skeletons
  A worm (D:2)
  A dart slug (D:1)
  2 leopard geckos
  38 orcs
  10 ball pythons
  5 giant cockroaches
  7 goblins
  10 hobgoblins
  14 jackals
  10 kobolds
  3 quokkas
  3 bats
  2 frilled lizards
  5 gnoll zombies (Ossuary)
  A hobgoblin zombie (Ossuary)
  5 kobold zombies (Ossuary)
  An orc zombie (Ossuary)
  A quokka skeleton (D:7)
  10 rats
  6 river rat simulacra (D:10)
489 creatures vanquished.

Vanquished Creatures (collateral kills)
  An ice devil (IceCv)
1 creature vanquished.

Vanquished Creatures (others)
  A human (D:13)
  5 fungi (Lair:1)
  3 plants
9 creatures vanquished.

Grand Total: 499 creatures vanquished

Notes
Turn   | Place    | Note
-------+----------+-------------------------------------------
     0 | D:1      | Kinoniko the Deep Dwarf Berserker began the quest for the
                  | Orb.
     0 | D:1      | Reached XP level 1. HP: 20/20 MP: 1/1
   105 | D:1      | Reached XP level 2. HP: 27/27 MP: 2/2
   499 | D:1      | Reached XP level 3. HP: 15/33 MP: 3/3
   620 | D:2      | Found a hazy altar of Hepliaklqana.
   785 | D:2      | Found a broken altar of Ashenzari.
   785 | D:2      | Noticed Terence
   790 | D:2      | Reached skill level 5 in Axes
   792 | D:2      | Killed Terence
   863 | D:2      | Reached XP level 4. HP: 15/40 MP: 4/4
  1099 | D:2      | Found a faded altar of an unknown god.
  1193 | D:3      | Reached ** piety under Trog
  1275 | D:3      | Noticed a +0 hand axe
  1476 | D:3      | Noticed a +0 dagger
  1479 | D:3      | Found a hide-covered altar of Uskayaw.
  1526 | D:3      | Found a snail-covered altar of Cheibriados.
  1635 | D:3      | Found a shimmering altar of Xom.
  1803 | D:3      | Reached XP level 5. HP: 34/46 MP: 5/5
  1923 | D:3      | Found a burning altar of Makhleb.
  1948 | D:4      | Noticed Eustachio
  2053 | D:3      | Killed Eustachio
  2053 | D:3      | Reached XP level 6. HP: 35/55 MP: 6/6
  2195 | D:4      | Reached XP level 7. HP: 61/61 MP: 7/7
  2546 | D:4      | Noticed Edmund
  2563 | D:4      | Killed Edmund
  2602 | D:4      | Reached skill level 1 in Maces & Flails
  2665 | D:4      | Found a staircase to the Ecumenical Temple.
  2673 | D:4      | Reached skill level 2 in Maces & Flails
  2785 | D:4      | Reached *** piety under Trog
  2811 | D:4      | Noticed Menkaure
  2818 | D:4      | Reached XP level 8. HP: 42/69 MP: 8/8
  2821 | D:4      | Killed Menkaure
  2821 | D:4      | Reached skill level 3 in Maces & Flails
  2989 | D:5      | Entered Level 5 of the Dungeon
  2989 | D:5      | Found a sparkling altar of Nemelex Xobeh.
  2989 | D:5      | Noticed Blork the orc
  2996 | D:5      | Killed Blork the orc
  3114 | D:5      | Noticed Sigmund
  3122 | D:5      | Killed Sigmund
  3122 | D:5      | Reached skill level 4 in Maces & Flails
  3133 | D:5      | Noticed Pikel
  3136 | D:5      | Noticed Prince Ribbit
  3137 | D:5      | Noticed Grinder
  3166 | D:5      | Killed Pikel
  3166 | D:5      | Reached skill level 6 in Maces & Flails
  3173 | D:5      | Reached skill level 5 in Fighting
  3176 | D:5      | Gained mutation: You passively map the area around you.
                  | [Deep Dwarf growth]
  3176 | D:5      | Reached XP level 9. HP: 44/81 MP: 9/9
  3177 | D:5      | Killed Prince Ribbit
  3177 | D:5      | Reached skill level 7 in Maces & Flails
  3187 | D:5      | Found a sand-covered staircase.
  3193 | Ossuary  | Entered an ossuary
  3550 | D:5      | Killed Grinder
  3640 | D:5      | Found a transporter.
  3663 | D:5      | Reached skill level 8 in Maces & Flails
  3895 | D:5      | Found a transporter.
  4200 | D:6      | Reached **** piety under Trog
  4432 | D:6      | Reached skill level 9 in Maces & Flails
  4680 | D:6      | Found a sparkling altar of Nemelex Xobeh.
  4680 | D:6      | Noticed Jessica
  4684 | D:6      | Killed Jessica
  5087 | D:7      | Found a white marble altar of Elyvilon.
  5451 | D:7      | Reached XP level 10. HP: 60/92 MP: 10/10
  6504 | D:7      | HP: 3/92 [electric eel/bolt of electricity (9)]
  7231 | D:8      | Noticed Harold
  7246 | D:8      | Killed Harold
  7246 | D:8      | Reached skill level 10 in Maces & Flails
  7610 | D:8      | Found a blossoming altar of Fedhas.
  8096 | D:9      | Gained mutation: You are partially covered in thin metallic
                  | scales. (AC +2) [potion of mutation]
  8096 | D:9      | Gained mutation: Your muscles are strong. (Str +2) [potion
                  | of mutation]
  8096 | D:9      | Gained mutation: Your muscles are very strong. (Str +4)
                  | [potion of mutation]
  8096 | D:9      | Gained mutation: You are agile. (Dex +2) [potion of
                  | mutation]
  8100 | D:9      | Noticed Maurice
  8107 | D:9      | Killed Maurice
  8107 | D:9      | Reached skill level 11 in Maces & Flails
  8306 | D:9      | Found a snail-covered altar of Cheibriados.
  8873 | D:9      | Noticed Erolcha
  8882 | D:9      | Killed Erolcha
  8882 | D:9      | Reached skill level 12 in Maces & Flails
  8882 | D:9      | Reached XP level 11. HP: 61/104 MP: 11/11
  9134 | D:9      | Found a basalt altar of Yredelemnul.
  9134 | D:9      | Noticed Maggie
  9142 | D:9      | Killed Maggie
  9262 | D:9      | Identified the +1 animal skin of the Evening {Str+3}
  9290 | D:9      | Found a staircase to the Orcish Mines.
  9404 | D:10     | Entered Level 10 of the Dungeon
  9453 | D:10     | Reached ***** piety under Trog
  9712 | D:10     | Noticed Grum
  9727 | D:10     | Killed Grum
  9744 | D:10     | Noticed Fannar
  9752 | D:10     | Killed Fannar
  9921 | D:10     | Noticed a necromancer
  9930 | D:10     | Killed a necromancer
 10048 | D:10     | Found Loalem's Antique Weapon Boutique.
 10251 | D:11     | Reached skill level 13 in Maces & Flails
 10312 | D:11     | Noticed a two-headed ogre
 10320 | D:11     | Killed a two-headed ogre
 10474 | D:11     | Noticed a two-headed ogre
 10479 | D:11     | Killed a two-headed ogre
 10730 | D:11     | Found a staircase to the Lair.
 11286 | D:12     | Reached skill level 14 in Maces & Flails
 11286 | D:12     | Reached XP level 12. HP: 53/116 MP: 12/12
 11289 | D:12     | Reached skill level 10 in Fighting
 11501 | D:12     | Noticed an ettin
 11502 | D:12     | Killed an ettin
 11817 | D:12     | Found Xuogreufo's Jewellery Boutique.
 12266 | D:13     | Found a gate to the Vaults.
 12266 | D:13     | Noticed a vault guard
 12266 | D:13     | Noticed a vault guard
 12266 | D:13     | Noticed a vault guard
 12278 | D:13     | Killed a vault guard
 12278 | D:13     | Reached skill level 15 in Maces & Flails
 12289 | D:13     | Killed a vault guard
 12299 | D:13     | Killed a vault guard
 12558 | D:13     | Reached skill level 1 in Shields
 12717 | D:13     | Noticed a seven-headed hydra
 12724 | D:13     | Killed a seven-headed hydra
 12962 | D:14     | Noticed a centaur warrior
 12962 | D:14     | Noticed a boulder beetle
 12971 | D:14     | Killed a boulder beetle
 12971 | D:14     | Reached XP level 13. HP: 127/127 MP: 13/13
 12989 | D:14     | Received a gift from Trog
 13204 | D:14     | Reached skill level 16 in Maces & Flails
 13638 | D:14     | Found a bloodstained altar of Trog.
 13768 | Lair:1   | Entered Level 1 of the Lair of Beasts
 14151 | Lair:1   | Found a frozen archway.
 14167 | IceCv    | Entered an ice cave
 14370 | IceCv    | Reached skill level 5 in Armour
 14495 | IceCv    | Reached skill level 5 in Dodging
 14647 | IceCv    | Got a dazzling arbalest
 14651 | IceCv    | Identified the +11 arbalest of Iconoclasm {freeze, rC+ MR+
                  | Int+3 Stlth-} (You found it in an ice cave)
 14822 | Lair:1   | Found a sacrificial altar of Ru.
 14978 | Lair:1   | Noticed Sonja
 14993 | Lair:1   | Cast into level 1 of the Abyss (Sonja)
 15062 | Abyss:1  | Noticed a starcursed mass
 15067 | Lair:1   | Escaped the Abyss
 15682 | Lair:1   | Cast into level 1 of the Abyss (Sonja)
 15684 | Abyss:1  | Noticed a green draconian
 15696 | Abyss:1  | HP: 5/128 [poisoned by a green draconian (poison gas)]
 15697 | Abyss:1  | HP: 1/128 [green draconian] (4)]
 15697 | Abyss:1  | Succumbed to a green draconian's poison gas

Illustrated notes

Levels and vault maps discovered:
D:1:      dpeg_arrival_tiny_d, layout_basic
D:2:      layout_rooms, evilmike_ruin_ashenzari, lemuel_crystal_altar,
          chequers_ecumenical_altar_simple, uniq_terence
D:3:      layout_rooms, lemuel_doored_altar, makhleb_blood_cavern_becter,
          dancing_weapons_uskayaw, nicolae_overflow_crystal_walls,
          minmay_snake_closets
D:4:      layout_gridville, minmay_temple_entry_offerings, uniq_edmund,
          uniq_eustachio, uniq_menkaure
D:5:      gammafunk_steamed_eel, layout_basic, basic_altar, enter_ossuary_5,
          uniq_prince_ribbit1, uniq_sigmund, uniq_pikel, uniq_blork_the_orc,
          uniq_grinder
D:6:      layout_cave_pods, nemelex_lonely_heart_becter
D:7:      layout_layer_cave, elyvilon_altar_4, water_boxes_lemuel
D:8:      layout_basic, fedhas_altar_2, uniq_harold
D:9:      layout_roguey, lemuel_round_altar, erik_orc_1, cheibriados_altar_1,
          uniq_maggie, uniq_erolcha, uniq_maurice
D:10:     layout_loops_ring, serial_shops, kennysheep_mini_moat, st_stairs_9,
          serial_park_tiny_1, eino_house_with_fridge, uniq_fannar, uniq_grum
D:11:     layout_roguey, lair_entry_dummy, worms_lemuel
D:12:     layout_gridville, serial_shops, shop
D:13:     layout_basic, grunt_vaults_entry_tiered
D:14:     layout_basic, minmay_misc_feat_enclosed, basic_altar
Lair:1:   layout_roguey, portal_ice_cave_entry_pillars_1,
          chequers_serial_rivers_large_b, lemuel_centaur_altar, uniq_sonja
Abyss:1:  base: D:6, base:
D:5

Skill      XL: |  1  2  3  4  5  6  7  8  9 10 11 12 13 |
---------------+----------------------------------------+-----
Axes           | 4 5 6 7 8 9 |  9.7
Maces & Flails | 2 6 9 12 14 15 16 | 16.5
Fighting       | 3 5 6 8 9 11 | 11.7
Shields        | 2 4 |  4.8
Dodging        | 3 5 |  5.5
Armour         | 3 5 |  5.5

Action                   |  1- 3 |  4- 6 |  7- 9 | 10-12 | 13-15 || total
-------------------------+-------+-------+-------+-------+-------++-------
Melee: Hand axe          |   103 |    23 |       |       |       ||   126
       War axe           |       |   111 |    33 |       |       ||   144
       Dire flail        |       |       |   265 |   543 |       ||   808
       Great mace        |       |       |       |    84 |   294 ||   378
Invok: Berserk           |     1 |     4 |    10 |    25 |    12 ||    52
       Trog's Hand       |       |     4 |     6 |    24 |    15 ||    49
       Brothers in Arms  |       |       |       |       |     1 ||     1
 Abil: Heal Wounds       |     1 |     1 |     1 |     5 |     9 ||    17
  Use: Scroll            |       |       |    10 |    14 |    12 ||    36
       Potion            |       |       |     4 |     7 |     1 ||    12
 Stab: Sleeping          |       |     9 |     5 |    12 |     9 ||    35
       Invisible         |       |       |       |     1 |     1 ||     2
       Distracted        |       |       |       |       |     1 ||     1
Armor: Animal skin       |    11 |     2 |       |       |       ||    13
       Shadow dragon sca |       |    68 |   147 |   253 |   148 ||   616
Dodge: Dodged            |    72 |    52 |   136 |   166 |   108 ||   534
Block: Buckler           |       |    15 |    10 |       |       ||    25
       Kite shield       |       |     2 |       |       |       ||     2
       Other             |       |       |       |    42 |    44 ||    86
       Reflection        |       |       |       |     1 |     5 ||     6

Table legend: (Time is in decaauts)
 A = Elapsed time spent in this place.
 B = Non-inter-level travel time spent in this place.
 C = Inter-level travel time spent in this place.
 D = Time resting spent in this place.
 E = Time spent auto-exploring this place.
 F = Levels seen in this place.
 G = Mean time per level.
                   A        B        C        D        E       F      G
               +--------+--------+--------+--------+--------+-----+--------+
         Total |  15948 |  14663 |   1285 |   3361 |   7922 |  19 |  839.4 |
       Dungeon |  13624 |  12718 |    906 |   2985 |   7229 |  14 |  973.1 |
          Lair |   1243 |    865 |    378 |     22 |    619 |   1 | 1243.0 |
         Abyss |    101 |    101 |      0 |      0 |      0 |   2 |   50.5 |
       Ossuary |    326 |    326 |      0 |    172 |     69 |   1 |  326.0 |
      Ice Cave |    652 |    652 |      0 |    181 |      5 |   1 |  652.0 |
               +--------+--------+--------+--------+--------+-----+--------+

Top non-repeatable levels by time:
     D:7: 2095 daAuts
     D:9: 1333 daAuts
  Lair:1: 1243 daAuts
     D:4: 1041 daAuts
    D:13: 1037 daAuts
     D:8: 1013 daAuts
     D:3: 945 daAuts
    D:12: 896 daAuts
    D:11: 895 daAuts
     D:6: 879 daAuts
    D:14: 796 daAuts
     D:5: 754 daAuts
    D:10: 751 daAuts
   IceCv: 652 daAuts
     D:1: 610 daAuts
